Map: Lost and Found LE

Players

ShoWTimE

  • Race: Protoss Protoss
  • Spawn Location: 1:00

Bunny - Winner!

  • Race: Terran Terran
  • League: Diamond
  • Spawn Location: 7:00

Event: HomeStory Cup XVIII

VOD

Have the link to the VOD?

Description

Time

  • Played on: Nov. 24, 2018, 10:08 a.m.
  • Length: 8:16

All games in this series

Show
View Real Time Build Order
Export as new Build Order

ShoWTimE Protoss 

Build Orders: 1 Gate Expand 

Get SALT Encoding   

  12  0:00  Probe  
  13  0:12  Probe  
  14  0:17  Pylon  
  14  0:23  Probe  
  15  0:31  Probe  
  15  0:37  Gateway  
  15  0:39  Probe  
  16  0:46  Assimilator  
  17  0:51  Probe  
  18  1:03  Probe  
  19  1:15  Probe  
  20  1:24  Cybernetics Core  
  20  1:34  Nexus  
  20  1:36  Zealot  
  22  1:45  Pylon  
  22  1:49  Probe  
  23  1:55  Stalker  
  23  1:56  Assimilator  
  23  2:05  Probe  
  25  2:09  Warp Gate  
  25  2:13  Probe  
  25  2:21  Probe  
  27  2:32  Probe  
  27  2:34  Robotics Facility  
  28  2:43  Probe  
  28  2:44  Probe  
  28  2:50  Stalker  
  32  2:51  Probe  
  32  2:56  Probe  
  34  3:00  Probe  
  35  3:07  Gateway  
  35  3:08  Probe  
  35  3:12  Gateway  
  36  3:14  Probe  
  36  3:17  Immortal  
  37  3:21  Probe  
  38  3:31  Sentry  
  44  3:36  Pylon, Probe  
  44  3:38  Probe  
  46  3:47  Warp Prism  
  46  3:49  Pylon  
  46  3:54  Probe x2  
  50  4:03  Shield Battery  
  50  4:06  Phoenix, Probe x2  
  52  4:11  Stalker  
  52  4:12  Stalker  
  56  4:18  Observer, Probe x2  
  56  4:22  Pylon  
  59  4:30  Probe  
  60  4:34  Probe  
  60  4:35  Assimilator  
  60  4:38  Observer, Assimilator  
  61  4:40  Forge  
  61  4:41  Twilight Council  
  61  4:42  Probe  
  63  4:46  Sentry, Probe  
  66  4:53  Pylon  
  66  4:54  Probe  
  66  4:56  Stalker  
  66  4:59  Resonating Glaives, Protoss Ground Weapons Level 1  
  70  5:05  Pylon  
  69  5:20  Pylon  
  69  5:22  Adept  
  69  5:23  Adept  
  69  5:28  Adept  
  74  5:35  Probe  
  75  5:42  Gateway  
  74  5:43  Gateway  
  74  5:45  Gateway  
  74  5:48  Nexus  
  74  5:55  Gateway x2  
  74  6:00  Adept  
  74  6:01  Adept  
  78  6:04  Adept  
  78  6:07  Observer  
  78  6:08  Probe x2  
  82  6:13  Pylon  
  82  6:19  Pylon  
  82  6:20  Probe x2  
  84  6:33  Adept x3  
  84  6:36  Adept  
  84  6:37  Probe x2  
  84  6:38  Pylon  
  94  7:05  Adept x3, Sentry x3  
  106  7:10  Adept x2  
  106  7:25  Adept x3  
  106  7:29  Pylon  
  110  7:37  Adept x4  
  110  7:38  Adept  
  120  7:50  Adept x3  
  122  7:58  Adept x5  
Show
View Real Time Build Order
Export as new Build Order

Bunny Terran - Winner!

Build Orders:  

Get SALT Encoding   

  12  0:00  SCV  
  13  0:12  SCV  
  14  0:16  Supply Depot  
  14  0:25  SCV  
  15  0:38  SCV  
  15  0:39  Barracks  
  16  0:44  Refinery  
  16  0:50  SCV  
  17  0:59  Refinery  
  17  1:02  SCV  
  18  1:14  SCV  
  19  1:27  Reaper, Orbital Command  
  20  1:35  Supply Depot  
  20  1:52  SCV  
  21  1:59  Reaper  
  22  2:04  Factory  
  22  2:05  SCV  
  23  2:17  SCV  
  23  2:20  Command Center  
  24  2:29  SCV  
  25  2:35  Barracks  
  25  2:41  SCV  
  26  2:47  Factory Tech Lab  
  26  2:54  SCV  
  27  3:01  Barracks Reactor  
  27  3:04  Supply Depot  
  27  3:06  Cyclone, SCV  
  31  3:26  Barracks Tech Lab, SCV  
  32  3:32  Orbital Command  
  32  3:38  Widow Mine, Marine x2, SCV  
  37  3:44  Marine  
  37  3:45  Stimpack  
  37  3:47  Engineering Bay  
  38  3:50  SCV  
  39  3:56  Marine x2  
  39  3:58  SCV  
  39  4:02  Marine, SCV  
  44  4:07  Siege Tank  
  47  4:10  SCV  
  47  4:11  Starport  
  47  4:14  SCV  
  49  4:21  Supply Depot  
  49  4:22  SCV  
  49  4:23  Terran Infantry Weapons Level 1  
  50  4:26  Marine, SCV  
  54  4:34  Supply Depot  
  54  4:36  SCV  
  53  4:38  SCV  
  53  4:39  Refinery  
  53  4:42  Barracks  
  53  4:43  Siege Tank  
  57  4:48  SCV  
  57  4:50  SCV  
  59  4:54  Supply Depot, Starport Reactor  
  59  4:55  Marine x2  
  59  4:56  Marine  
  62  5:02  SCV  
  62  5:03  SCV  
  64  5:07  Supply Depot  
  64  5:13  Marine x3  
  67  5:16  Siege Tank, Barracks  
  67  5:21  Barracks  
  70  5:24  Supply Depot  
  70  5:30  Medivac x2  
  70  5:34  Barracks Reactor  
  72  5:37  Marine x3  
  75  5:49  Supply Depot, Siege Tank  
  76  5:55  Marine x3  
  79  5:58  Supply Depot  
  79  6:00  Refinery, Combat Shield  
  79  6:05  Marine  
  79  6:09  Marine  
  81  6:12  Supply Depot  
  81  6:13  Marine x5  
  81  6:15  Medivac  
  88  6:23  Marine  
  89  6:26  Marine  
  89  6:27  Medivac  
  89  6:30  Marine  
  89  6:31  Marine x4  
  97  6:39  Siege Tank  
  100  6:40  Marine  
  100  6:44  Marine  
  102  6:48  Marine x3  
  102  6:49  Marine x2  
  102  6:52  Medivac  
  109  6:58  Marine  
  110  7:02  Marine  
  110  7:06  Marine x5  
  108  7:16  Marine  
  108  7:20  Marine  
  110  7:26  Marine  
  110  7:27  Marine x3  
  106  7:48  Marine  
Tags
 
Add a new tag
Caveats
  • Supply blocks, unpowered buildings, or Contaminate may cause inaccurate times.
  • Supply counts are checked every 10 seconds.